 Dungeon Crawl Stone Soup version 0.22.0-2-ge58baed0e8 (webtiles) character file.

606 IcyTea the Carver (level 7, -6/57 HPs)
             Began as a Hill Orc Fighter on Aug 13, 2018.
             Mangled by an ogre
             ... wielding a cursed -3 giant club
              (21 damage)
             ... on level 4 of the Dungeon.
             The game lasted 00:05:57 (3528 turns).

IcyTea the Carver (Hill Orc Fighter)                Turns: 3528, Time: 00:05:58

Health: -6/57      AC:  8    Str: 21    XL:     7   Next: 42%
Magic:  7/7        EV:  7    Int:  8    God:
Gold:   229        SH:  9    Dex: 10    Spells: 6/6 levels left

rFire    . . .     SeeInvis .   a - +0 long sword
rCold    . . .     Gourm    .   c - +0 shield
rNeg     . . .     Faith    .   b - +0 scale mail
rPois    .         Spirit   .   m - +0 helmet
rElec    .         Reflect  .   (no cloak)
rCorr    .         Harm     .   (no gloves)
MR       .....                  (no boots)
Stlth    ..........             (no amulet)
HPRegen  0.19/turn              (no ring)
MPRegen  0.10/turn              (no ring)

@: no status effects
A: no striking features
a: no special abilities


You were on level 4 of the Dungeon.
You were hungry.

You visited 1 branch of the dungeon, and saw 4 of its levels.

You collected 229 gold pieces.

Inventory:

Hand Weapons
 a - a +0 long sword (weapon)
Missiles
 s - 5 tomahawks (quivered)
Armour
 b - a +0 scale mail (worn)
 c - a +0 shield (worn)
 m - a +0 helmet (worn)
Scrolls
 h - 4 scrolls of identify {unknown}
 k - 2 scrolls of enchant weapon {unknown}
 l - a scroll of remove curse {unknown}
 n - a scroll of immolation {unknown}
 p - 2 scrolls of fear {unknown}
Potions
 d - 2 potions of might
 e - a potion of lignification
 g - a potion of invisibility
 i - a potion of mutation {unknown}
 j - a potion of magic {unknown}
 o - a potion of curing
 q - a potion of brilliance {unknown}
Comestibles
 f - 4 rations


   Skills:
 - Level 3.6 Fighting
 + Level 8.8 Long Blades
 - Level 3.2 Armour
 - Level 3.2 Shields


You had 6 spell levels left.
You didn't know any spells.
Your spell library was empty.

Dungeon Overview and Level Annotations

Branches:
Dungeon (4/15)
 Temple: D:4-7

Altars:
Ashenzari
Fedhas
Hepliaklqana
Makhleb


Message History

The worm bites you!
You hit the worm but do no damage.
The worm is moderately wounded.
You slash the worm!
You kill the worm!
An ogre comes into view. It is wielding a giant club.
The ogre hits you with a giant club!
You hit the ogre.
The ogre is lightly wounded.
You hit the ogre.
The ogre is moderately wounded.
The ogre hits you but does no damage.
You hit the ogre.
The ogre is moderately wounded.
The ogre hits you with a giant club!
* * * LOW HITPOINT WARNING * * *
You completely miss the ogre.
The ogre is moderately wounded.
The ogre hits you with a giant club!!
You die...

#. #. ##.##
.... #..#
#..####.## #
#.O.......
#.###.@#
#......#
#.##...##
####.##....#
#.........##
.##......#
#.##.#.## #.
#.#..# #
#.#..#


You could see an ogre.

Vanquished Creatures
  Sigmund (D:2)
  A centaur (D:3)
  2 orc wizards (D:3)
  A centaur skeleton (D:4)
  An iron imp (D:2)
  A jelly (D:3)
  A worker ant (D:4)
  A worker ant zombie (D:3)
  A howler monkey skeleton (D:4)
  4 gnolls (D:3)
  5 adders
  An ooze (D:2)
  3 worms (D:4)
  3 dart slugs
  4 leopard geckos
  9 orcs (D:3)
  2 ball pythons
  A giant cockroach (D:1)
  8 goblins
  13 hobgoblins
  4 jackals (D:3)
  3 bats
  2 frilled lizards
  A giant cockroach zombie (D:3)
  6 kobolds
  3 rats
82 creatures vanquished.

Notes
Turn   | Place    | Note
-------+----------+-------------------------------------------
     0 | D:1      | IcyTea the Hill Orc Fighter began the quest for the Orb.
     0 | D:1      | Reached XP level 1. HP: 19/19 MP: 1/1
   354 | D:1      | Reached XP level 2. HP: 24/26 MP: 2/2
   362 | D:1      | Reached skill level 3 in Long Blades
   404 | D:1      | Found a shattered altar of Ashenzari.
   581 | D:1      | Reached XP level 3. HP: 31/31 MP: 3/3
   875 | D:2      | Reached skill level 4 in Long Blades
   896 | D:2      | Found a burning altar of Makhleb.
   903 | D:2      | Reached XP level 4. HP: 32/39 MP: 4/4
  1152 | D:2      | Found a blossoming altar of Fedhas.
  1420 | D:2      | Reached skill level 5 in Long Blades
  1478 | D:2      | Noticed Sigmund
  1491 | D:2      | Killed Sigmund
  1491 | D:2      | Reached skill level 6 in Long Blades
  1491 | D:2      | Reached XP level 5. HP: 9/45 MP: 5/5
  1491 | D:2      | Reached XP level 6. HP: 11/51 MP: 6/6
  1793 | D:3      | Reached skill level 7 in Long Blades
  2732 | D:3      | Reached skill level 8 in Long Blades
  2757 | D:3      | Reached XP level 7. HP: 46/57 MP: 7/7
  2877 | D:3      | Found a hazy altar of Hepliaklqana.
  3528 | D:4      | Mangled by an ogre

Skill      XL: |  1  2  3  4  5  6 |
---------------+-------------------+-----
Long Blades    | 3 4 6 8 |  8.8
Fighting       | |  3.6
Armour         | |  3.2
Shields        | |  3.2

Action                   |  1- 3 |  4- 6 |  7- 9 || total
-------------------------+-------+-------+-------++-------
Melee: Long sword        |    82 |   158 |   114 ||   354
  Use: Potion            |       |     3 |       ||     3
  Eat: Chunk             |       |     3 |     2 ||     5
       Ration            |       |     1 |       ||     1
Armor: Scale mail        |    38 |    73 |    31 ||   142
       Skin              |       |    15 |       ||    15
Dodge: Dodged            |    20 |    47 |    22 ||    89
Block: Shield            |    43 |    81 |    32 ||   156
       Rpst.: Long sword |     6 |    15 |    11 ||    32
